 Dungeon Crawl Stone Soup version 0.21.1-1-g345015f (webtiles) character file.

632 xccam the Cudgeler (level 7, -5/52 HPs)
             Began as a Demonspawn Gladiator on Feb 20, 2018.
             Was a Follower of Ru.
             Slain by an orc warrior
             ... wielding a +1 halberd of freezing
              (15 damage)
             ... on level 5 of the Dungeon.
             The game lasted 00:11:27 (4395 turns).

xccam the Cudgeler (Demonspawn Gladiator)           Turns: 4395, Time: 00:11:28

Health: -5/52      AC: 10    Str: 21    XL:     7   Next: 24%
Magic:  0/7        EV:  4    Int: 10    God:    Ru [*.....]
Gold:   195        SH:  8    Dex: 16    Spells: 6/6 levels left

rFire    + . .     SeeInvis .   a - +0 flail
rCold    . . .     Gourm    .   q - +0 shield
rNeg     . . .     Faith    .   g - +0 chain mail (curse)
rPois    .         Spirit   +   c - +0 helmet
rElec    .         Reflect  .   (no cloak)
rCorr    .         Harm     .   (no gloves)
MR       .....                  (no boots)
Stlth    ++........             (no amulet)
HPRegen  0.17/turn              u - ring of protection from fire
MPRegen  0.10/turn              t - ring of stealth

@: mighty
A: thin skeletal structure 1, nightstalker 2, magic shield, inability to train
dodging
a: Renounce Religion


You were on level 5 of the Dungeon.
You worshipped Ru.
Ru was aware of your devotion.
You were not hungry.

You visited 1 branch of the dungeon, and saw 6 of its levels.

You collected 195 gold pieces.

Inventory:

Hand Weapons
 a - a +0 flail (weapon)
Missiles
 e - 4 exploding tomahawks (quivered)
Armour
 c - a +0 helmet (worn)
 g - a cursed +0 chain mail (worn)
 q - a +0 shield (worn)
Jewellery
 t - a ring of stealth (right hand)
 u - a ring of protection from fire (left hand)
Wands
 p - a wand of enslavement (3)
 w - a wand of random effects (31)
Scrolls
 n - 3 scrolls of remove curse {unknown}
 o - 5 scrolls of identify {unknown}
 s - a scroll of blinking {unknown}
 v - a scroll of amnesia
 y - 3 scrolls of teleportation {unknown}
Potions
 b - a potion of flight {unknown}
 h - 3 potions of curing
 i - a potion of berserk rage {unknown}
 j - 2 potions of heal wounds
 k - a potion of might
 l - a potion of brilliance {unknown}
 m - 2 potions of agility {unknown}
 r - 5 potions of mutation {unknown}
 x - a potion of magic {unknown}
Comestibles
 f - 11 rations


   Skills:
 - Level 3.0 Fighting
 + Level 6.5 Maces & Flails
 - Level 1.7 Throwing
 + Level 3.2 Armour


You had 6 spell levels left.
You didn't know any spells.

Dungeon Overview and Level Annotations

Branches:
Dungeon (6/15)
 Temple: D:4-7

Altars:
Hepliaklqana
Okawaru
Ru
Wu Jian


Innate Abilities, Weirdness & Mutations

You have a somewhat thin skeletal structure. (Dex +2, Stealth)
You are significantly more attuned to the shadows.
When hurt, damage is shared between your health and your magic reserves.
You cannot train Dodging skill.


Message History

The orc warrior hits you but does no damage.
Okay, then.
You closely miss the orc warrior. You block the orc warrior's attack.
You closely miss the orc warrior. You block the orc warrior's attack.
Your shield and chain mail prevent you from hitting the orc warrior.
The orc warrior hits you with a halberd of freezing!
The orc warrior freezes you.
You sock the orc warrior!
The orc warrior is heavily wounded.
You block the orc warrior's attack.
You closely miss the orc warrior.
The orc warrior is heavily wounded.
The orc warrior hits you with a halberd of freezing!
* * * LOW HITPOINT WARNING * * *
The orc warrior freezes you.
* * * LOW HITPOINT WARNING * * *
Your shield and chain mail prevent you from hitting the orc warrior.
The orc warrior is heavily wounded.
The orc warrior hits you with a halberd of freezing!
You die...

..................####...........
#######...........###............
#....#.......#...........##
#.#............#.........#
##>##...........#.........#
######..##.#...................#
.......##..............###.#####
...........#...............#####
................@o.............#
.......##.#.................#..##
#####.....#..........#......#....
#..#####................#.<..
#### #.........##.....#....
############.....#....
#.....#.... #.....#....
#.....#####


You could see an orc warrior.

Vanquished Creatures
  2 scorpions (D:4)
  A howler monkey (D:5)
  2 orc priests
  A hound (D:4)
  Natasha (thrice) (D:4)
  2 iguanas (D:4)
  2 worker ants
  A hound skeleton (D:6)
  A worker ant zombie (D:5)
  6 adders
  2 shadow imps (D:5)
  2 oozes (D:1)
  An adder skeleton (D:4)
  3 worms
  A dart slug (D:2)
  2 leopard geckos
  26 orcs
  5 bats
  3 giant cockroaches
  8 goblins
  5 hobgoblins
  4 jackals (D:1)
  3 quokkas
  9 frilled lizards
  8 kobolds
  A quokka skeleton (D:4)
  16 rats
120 creatures vanquished.

Notes
Turn   | Place    | Note
-------+----------+-------------------------------------------
     0 | D:1      | xccam the Demonspawn Gladiator began the quest for the Orb.
     0 | D:1      | Reached XP level 1. HP: 16/16 MP: 1/1
    40 | D:1      | Reached skill level 3 in Maces & Flails
   191 | D:1      | Gained mutation: When hurt, damage is shared between your health and your magic reserves. [demonic ancestry]
   191 | D:1      | Reached XP level 2. HP: 17/22 MP: 2/2
   287 | D:1      | Gained mutation: You are slightly more attuned to the shadows. [demonic ancestry]
   287 | D:1      | Reached XP level 3. HP: 22/27 MP: 1/3
   534 | D:2      | Reached skill level 4 in Maces & Flails
   770 | D:2      | Found an iron altar of Okawaru.
   770 | D:2      | Found a sacrificial altar of Ru.
   771 | D:2      | Found an ornate altar of the Wu Jian Council.
   786 | D:2      | Gained mutation: You have a somewhat thin skeletal structure. (Dex +2, Stealth) [demonic ancestry]
   786 | D:2      | Reached XP level 4. HP: 32/33 MP: 4/4
   787 | D:2      | Became a worshipper of Ru the Awakened
  1284 | D:3      | Reached skill level 5 in Maces & Flails
  1583 | D:3      | Found a hazy altar of Hepliaklqana.
  1815 | D:4      | Gained mutation: You are significantly more attuned to the shadows. [demonic ancestry]
  1815 | D:4      | Reached XP level 5. HP: 31/39 MP: 5/5
  1841 | D:4      | Noticed Natasha
  1852 | D:4      | Killed Natasha
  1886 | D:4      | Gained mutation: You cannot train Dodging skill. [Ru sacrifice]
  1886 | D:4      | Reached * piety under Ru
  2305 | D:4      | Noticed Natasha
  2312 | D:4      | Killed Natasha
  2312 | D:4      | Reached skill level 1 in Armour
  2312 | D:4      | Reached XP level 6. HP: 14/47 MP: 3/6
  2683 | D:4      | Noticed Natasha
  2697 | D:4      | Killed Natasha
  2697 | D:4      | Reached skill level 6 in Maces & Flails
  3132 | D:5      | Entered Level 5 of the Dungeon
  3490 | D:5      | Reached XP level 7. HP: 28/52 MP: 5/7
  4369 | D:5      | HP: 1/52 [orc warrior/halberd of freezing (7)]
  4395 | D:5      | Slain by an orc warrior

Skill      XL: |  1  2  3  4  5  6  7 |
---------------+----------------------+-----
Maces & Flails | 3 4 5 6 |  6.5
Fighting       | 3 |  3.0
Dodging        | 0 |  0.0
Armour         | 1 2 3 |  3.2
Throwing       | |  1.7

Action                   |  1- 3 |  4- 6 |  7- 9 || total
-------------------------+-------+-------+-------++-------
Melee: Flail             |   157 |   324 |    82 ||   563
Throw: Throwing net      |     1 |       |     3 ||     4
       Tomahawk          |       |       |     4 ||     4
Invok: Sacrifice Nimblen |       |     1 |       ||     1
  Use: Potion            |     1 |     1 |     3 ||     5
       Scroll            |       |       |     1 ||     1
 Stab: Held in net/web   |     1 |       |       ||     1
  Eat: Chunk             |       |     9 |     1 ||    10
       Ration            |       |       |     1 ||     1
Armor: Leather armour    |    18 |       |       ||    18
       Chain mail        |   104 |   149 |    56 ||   309
Dodge: Dodged            |   105 |    54 |    20 ||   179
Block: Shield            |       |    90 |    39 ||   129
